Map: 匹昂台地

Players

Quail - Winner!

  • Race: Protoss Protoss
  • League: Platinum

xiaoD

  • Race: Protoss Protoss
  • League: Gold

VOD

Have the link to the VOD?

Description

Time

  • Played on: Dec. 3, 2015, 9:11 a.m.
  • Length: 7:22
Show
View Real Time Build Order
Export as new Build Order

Quail Protoss - Winner!

Build Orders: 1 Gate Expand 

Get SALT Encoding   

  12  0:01  Probe (Chrono Boost)  
  13  0:11  Probe (Chrono Boost)  
  14  0:17  Pylon  
  14  0:22  Probe (Chrono Boost)  
  16  0:35  Probe (Chrono Boost)  
  16  0:37  Gateway  
  16  0:46  Probe (Chrono Boost)  
  16  0:49  Assimilator  
  17  0:57  Probe (Chrono Boost)  
  18  1:07  Probe (Chrono Boost)  
  19  1:18  Probe (Chrono Boost)  
  20  1:25  Cybernetics Core  
  20  1:34  Nexus  
  20  1:37  Probe (Chrono Boost)  
  21  1:44  Pylon  
  21  1:49  Probe (Chrono Boost)  
  22  1:59  Assimilator  
  22  2:00  Probe (Chrono Boost)  
  23  2:03  Stalker  
  25  2:10  Probe (Chrono Boost)  
  26  2:21  Mothership Core (Chrono Boost)  
  28  2:39  Probe (Chrono Boost), Robotics Facility  
  29  2:45  Pylon  
  29  2:47  Probe (Chrono Boost)  
  29  2:49  Warp Gate  
  29  2:50  Probe (Chrono Boost)  
  31  2:56  Pylon  
  31  3:00  Probe (Chrono Boost)  
  31  3:02  Probe (Chrono Boost)  
  33  3:08  Stalker  
  33  3:11  Probe (Chrono Boost)  
  36  3:17  Probe (Chrono Boost)  
  37  3:21  Probe (Chrono Boost)  
  37  3:26  Probe (Chrono Boost)  
  38  3:30  Observer (Chrono Boost)  
  38  3:32  Probe  
  41  3:36  Probe, Forge  
  42  3:44  Probe  
  42  3:47  Probe  
  43  3:49  Pylon  
  44  3:57  Probe  
  44  3:58  Probe  
  44  4:00  Stalker  
  44  4:02  Immortal (Chrono Boost)  
  51  4:12  Pylon  
  51  4:15  Pylon  
  51  4:27  Gateway  
  51  4:30  Gateway  
  49  4:33  Gateway  
  47  4:44  Immortal  
  53  4:50  Probe  
  53  4:52  Probe  
  53  5:03  Stalker  
  53  5:04  Mothership Core  
  48  5:26  Stalker  
  35  5:43  Stalker x2  
  35  5:47  Mothership Core  
  38  5:55  Stalker  
  40  6:01  Stalker  
  40  6:06  Immortal (Chrono Boost)  
  40  6:08  Zealot x2  
  40  6:21  Stalker  
  40  6:25  Gateway  
  42  6:27  Gateway, Photon Cannon  
  42  6:29  Photon Cannon  
  42  6:30  Stalker x2  
  40  6:47  Stalker  
  38  6:57  Mothership Core  
  38  6:58  Stalker, Probe  
  43  7:09  Probe  
  44  7:17  Stalker  
  44  7:18  Stalker  
Show
View Real Time Build Order
Export as new Build Order

xiaoD Protoss 

Build Orders: Blink Stalkers 

Get SALT Encoding   

  12  0:01  Probe (Chrono Boost)  
  13  0:11  Probe (Chrono Boost)  
  14  0:18  Pylon  
  14  0:22  Probe (Chrono Boost)  
  15  0:37  Probe (Chrono Boost), Gateway  
  16  0:47  Probe (Chrono Boost)  
  16  0:48  Assimilator  
  17  0:53  Assimilator  
  17  0:58  Probe (Chrono Boost)  
  17  1:00  Pylon  
  18  1:08  Probe (Chrono Boost)  
  19  1:19  Probe (Chrono Boost)  
  19  1:24  Cybernetics Core  
  20  1:29  Probe (Chrono Boost)  
  22  1:40  Probe (Chrono Boost)  
  22  1:52  Probe (Chrono Boost)  
  23  2:00  Warp Gate (Chrono Boost)  
  23  2:02  Stalker, Mothership Core  
  27  2:12  Twilight Council  
  27  2:19  Pylon  
  27  2:24  Probe  
  28  2:39  Stalker  
  30  2:51  Gateway  
  30  2:52  Gateway, Blink (Chrono Boost)  
  30  3:02  Gateway  
  30  3:15  Stalker  
  32  3:43  Pylon  
  32  3:54  Pylon  
  27  4:09  Stalker  
  29  4:14  Stalker  
  29  4:15  Stalker x2  
  31  4:42  Stalker  
  31  4:43  Stalker x3  
  33  5:10  Stalker x4  
  41  5:32  Stalker  
  33  5:45  Stalker x3  
  31  6:19  Stalker x4  
  25  6:55  Stalker x4  
  25  7:00  Probe  
Tags
 
Add a new tag
Caveats
  • Supply blocks, unpowered buildings, or Contaminate may cause inaccurate times.
  • Supply counts are checked every 10 seconds.